 Dungeon Crawl Stone Soup version 0.28-a0-1339-ga5422284a4 (webtiles) character file.

Game seed: 12436382094703396098

95920 gimp the Severer (level 15, -12/101 (113) HPs)
             Began as a Demigod Wanderer on Dec 28, 2021.
             Killed from afar by a necromancer (32 damage)
             ... with a bolt of negative energy
             ... summoned by a worldbinder
             ... on level 2 of the Abyss.
             The game lasted 01:10:16 (33832 turns).

gimp the Severer (Demigod Wanderer)                Turns: 33832, Time: 01:10:17

HP:   -12/101 (113) AC: 23    Str: 34    XL:     15   Next: 24%
MP:   8/21          EV: 13    Int: 11    God:
Gold: 2830          SH: 12    Dex: 21    Spells: 17/17 levels left

rFire   + . .      SeeInvis .   a - +0 broad axe
rCold   . . .      Faith    .   R - +0 kite shield
rNeg    . . .      Spirit   .   Y - +4 plate armour {rF+}
rPois   +          Reflect  .   w - +1 helmet
rElec   .          Harm     .   f - scarf {shadows}
rCorr   .          Rampage  .   Z - +0 pair of gloves {infuse}
Will    +....      Rage     1%  q - +0 pair of boots
Stlth   ..........              p - amulet of regeneration
HPRegen 0.00/turn               e - ring of poison resistance
MPRegen 0.17/turn               d - +6 ring of strength

@: about to teleport, sick, heavily drained
A: high mp 1, forlorn, divine attributes, berserk 1, screaming 1, no potion heal
2
a: no special abilities


You were on level 2 of the Abyss.
You visited 4 branches of the dungeon, and saw 24 of its levels.
You visited the Abyss 1 time.

You collected 3403 gold pieces.
You spent 573 gold pieces at shops.

Inventory:

Hand Weapons
 a - a +0 broad axe (weapon)
 b - a +4 scimitar of flaming
 r - a +2 hand crossbow
Missiles
 l - 147 bolts
 u - a throwing net
 N - a curare-tipped dart (quivered)
 O - 74 poisoned darts
Armour
 f - a scarf of shadows (worn)
 q - a +0 pair of boots (worn)
 w - a +1 helmet (worn)
 J - +0 acid dragon scales
 R - a +0 kite shield (worn)
 Y - a +4 plate armour of fire resistance (worn)
 Z - a +0 pair of gloves of infusion (worn)
Jewellery
 d - a +6 ring of strength (right hand)
 e - a ring of poison resistance (left hand)
 p - an amulet of regeneration (around neck)
 v - a ring of ice
 y - a ring of positive energy
 K - a ring of protection from fire
Wands
 j - a wand of digging (13)
 E - a wand of paralysis (22)
 L - a wand of iceblast (18)
 V - a wand of flame (8)
Scrolls
 c - 3 scrolls of enchant armour
 i - 3 scrolls of brand weapon
 o - 5 scrolls of amnesia
 t - 4 scrolls of fear
 B - 2 scrolls of enchant weapon
 C - 10 scrolls of identify
 D - 5 scrolls of vulnerability
 F - 4 scrolls of fog
 H - a scroll of holy word
 P - 3 scrolls of silence
 Q - 2 scrolls of immolation
 U - 5 scrolls of teleportation
Potions
 g - 6 potions of haste
 h - a potion of resistance
 k - 16 potions of curing
 m - 3 potions of brilliance
 n - 3 potions of invisibility
 s - 3 potions of magic
 x - 2 potions of heal wounds
 I - 2 potions of flight
 S - a potion of might
 T - 8 potions of ambrosia
 X - 2 potions of mutation
Miscellaneous
 z - a phantom mirror (inert)
 G - a phial of floods


   Skills:
 + Level 5.4 Fighting
 - Level 18.0 Axes
 - Level 2.6 Crossbows
 + Level 9.2 Armour
 - Level 9.0 Dodging
 * Level 9.5 Shields
 - Level 1.7 Spellcasting
 - Level 2.6 Poison Magic
 - Level 9.4 Evocations


You had 17 spell levels left.
You didn't know any spells.
Your spell library contained the following spells:

 Spells                   Type           Power      Damage    Failure   Level
 Sting                    Tmut/Pois      12%        1d3       91%         1
 Freeze                   Ice            0%         1d3       98%         1
 Magic Dart               Conj           0%         1d3       98%         1
 Shock                    Conj/Air       0%         1d3       98%         1
 Ensorcelled Hibernation  Hex/Ice        0%         N/A       99%         2
 Searing Ray              Conj           0%         2d4       99%         2
 Static Discharge         Conj/Air       0%         N/A       99%         2
 Spider Form              Tmut/Pois      3%         N/A       99%         3
 Dazzling Flash           Conj/Hex       0%         N/A       100%        3
 Frozen Ramparts          Ice            0%         1d2       100%        3
 Ignite Poison            Fire/Tmut/Pois 2%         N/A       100%        3
 Ozocubu's Armour         Ice            0%         N/A       100%        3
 Summon Guardian Golem    Hex/Summ       0%         N/A       100%        3
 Swiftness                Air            0%         N/A       100%        3
 Tukima's Dance           Hex            0%         N/A       100%        3
 Airstrike                Air            0%         N/A       100%        4
 Fulminant Prism          Conj/Hex       0%         3d6       100%        4
 Hailstorm                Conj/Ice       0%         3d3       100%        4
 Iskenderun's Mystic Bla  Conj/Tloc      0%         2d3       100%        4
 Leda's Liquefaction      Hex/Erth       0%         N/A       100%        4
 Passage of Golubria      Tloc           0%         N/A       100%        4
 Lee's Rapid Deconstruct  Erth           0%         3d5*      100%        5
 Lightning Bolt           Conj/Air       0%         1d11      100%        5
 Metabolic Englaciation   Hex/Ice        0%         N/A       100%        5
 Yara's Violent Unravell  Hex/Tmut       0%         3d3       100%        5
 Simulacrum               Ice/Necr       0%         N/A       100%        6
 Starburst                Conj/Fire      0%         6d3       100%        6
 Statue Form              Tmut/Erth      0%         N/A       100%        6
 Orb of Destruction       Conj           0%         N/A       100%        7
 Spellforged Servitor     Conj/Summ      0%         N/A       100%        7
 Maxwell's Capacitive Co  Air            0%         ∞         100%        8


Dungeon Overview and Level Annotations

Branches:
Dungeon (15/15)            Temple (0/1) D:4            Lair (6/6) D:8
 Shoals (0/4) Lair:2       Spider (0/4) Lair:2        Slime (0/5) Lair:6
    Orc (2/2) D:9             Elf (0/3) Orc:2        Vaults (0/5) D:13
 Depths (1/4) D:15

Shops:
D:5 ((*!   D:6 =   Orc:2 *[:

Annotations:
D:4 Prince Ribbit
D:5 Edmund
Lair:3 Fannar, Rupert


Innate Abilities, Weirdness & Mutations

You have an increased reservoir of magic. (+10% MP)
You shall have no god before yourself.
Your divine heritage dramatically boosts your attributes as you level up.
You tend to lose your temper in combat.
You occasionally shout uncontrollably at your foes.
Potions cannot restore your health.


Message History

You are too injured to fight recklessly!
You are too injured to fight recklessly!
You block the thrashing horror's attack.
The thrashing horror misses you.
You are too injured to fight recklessly!
You are too injured to fight recklessly!
You block the thrashing horror's attack.
The thrashing horror closely misses you.
You are too injured to fight recklessly!
You are too injured to fight recklessly!
You slice the thrashing horror!!
You destroy the thrashing horror!
You start resting.
A worldbinder opens the door.
You regained 4 mp, and now have 5/21 mp.
The worldbinder calls forth creatures from the Crypt!
The necromancer gestures at you while chanting.
The bolt of negative energy hits the worldbinder.
The worldbinder completely resists.
The bolt of negative energy hits you!!
You feel drained.
* * * LOW HITPOINT WARNING * * *
You take 31 damage, and have 20/107 hp.
MASSIVE DAMAGE!!
Okay, then.
Okay, then.
Unknown command.
Unknown command.
Unknown command.
Unknown command.
Blink to where?
Press: ? - help, Dir - move target
As you read the scroll of blinking, it crumbles to dust.
There is an open door here.
As you read the scroll of teleportation, it crumbles to dust.
You feel strangely unstable.
You feel the power of the Abyss delaying your translocation!
The worldbinder calls forth creatures from the Crypt!
The worldbinder calls forth creatures from the Crypt!
The necromancer points at you and mumbles some strange words.
The bolt of negative energy hits you!!
You feel drained.
You die...

....##
......
......
.....
...###
###'#.###
#...@...#
#..###..###
#...
.##p..###
#..
.##z.#.# ..
# ##x## #.
..#.## #
#.#.# . #
#..x# #...#
##...#


You could see a skeletal warrior (summoned), a necromancer (summoned) and a
worldbinder.

Vanquished Creatures
  A tentacled starspawn (Abyss:2)
  An orc warlord (D:9)
  A stone giant (D:15)
  A dire elephant (Lair:4)
  Snorg (D:13)
  An ettin (Orc:1)
  Josephine (Orc:2)
  A fire dragon (Lair:6)
  9 hydras
  2 boulder beetles
  4 vault guards (D:12)
  An ogre mage (D:15)
  Erica (Orc:1)
  8 two-headed ogres
  A centaur warrior (D:15)
  A deep troll earth mage (D:15)
  2 thrashing horrors (Abyss:2)
  A deep troll shaman (D:15)
  2 tengu warriors (D:15)
  Urug (Orc:1)
  Nergalle (Lair:2)
  6 orc high priests
  5 skeletal warriors (D:15)
  A spatial maelstrom (Abyss:2)
  2 deep trolls (D:15)
  An iron troll (Depths:1)
  2 starcursed masses (Abyss:2)
  3 deep elf pyromancers
  A lindwurm (Lair:6)
  4 orc knights
  An oklob plant (Lair:4)
  An ugly thing (D:13)
  3 orc sorcerers
  A worldbinder (Abyss:2)
  10 cyclopes
  4 manticores
  18 elephants
  6 black mambas
  Joseph (D:9)
  A cane toad (shapeshifter) (D:15)
  2 molten gargoyles (Lair:6)
  2 gargoyles
  9 cane toads
  2 unseen horrors
  A rime drake (Lair:2)
  2 ancient zymes (Abyss:2)
  11 komodo dragons
  2 tengu conjurers
  3 meliai (D:14)
  A harpy zombie (Abyss:2)
  A queen bee (Lair:1)
  5 trolls
  A meliai zombie (D:11)
  19 slime creatures
  11 dream sheep (Lair:4)
  A shadow (D:9)
  2 jumping spiders (Lair:2)
  3 wyverns
  45 yaks
  3 water elementals (D:14)
  7 wraiths
  2 vampires
  3 steam dragons
  3 vampire mosquitoes (D:13)
  2 neqoxecs (Abyss:2)
  A redback (Lair:2)
  7 basilisks
  5 wargs (Orc:1)
  A large abomination (Abyss:2)
  3 acid dragons
  6 hell hounds
  8 water moccasins
  An ice beast (D:4)
  3 black bears
  A hornet zombie (D:7)
  35 orc warriors
  2 sky beasts
  13 ogres
  19 centaurs
  3 wolves (Lair:5)
  2 phantoms (D:9)
  2 kobold brigands (D:10)
  Blork the orc (D:5)
  9 bullfrogs
  3 scorpions
  3 gnoll sergeants
  A water moccasin zombie (D:5)
  2 troll zombies (D:9)
  5 small abominations (Abyss:2)
  A water moccasin skeleton (D:6)
  27 killer bees
  A howler monkey (D:10)
  4 wights (D:8)
  3 electric eels (D:14)
  3 lava snakes (Lair:6)
  2 bullfrog zombies
  3 centaur zombies
  4 hounds
  3 centaur skeletons (D:7)
  3 jellies
  11 orc priests
  A gnoll shaman (D:6)
  Natasha (thrice) (D:3)
  19 orc wizards
  2 iguanas (D:5)
  4 ogre zombies (D:9)
  3 hound skeletons
  A howler monkey skeleton (D:4)
  6 adders
  19 gnolls
  3 shadow imps
  3 white imps
  4 ufetubi
  A worm (D:2)
  2 dart slugs
  74 orcs
  3 bats
  10 endoplasms
  4 giant cockroaches
  5 hobgoblins
  2 quokkas
  4 ball pythons
  2 frilled lizards (D:1)
  5 goblins
  A goblin skeleton (D:9)
  A hobgoblin skeleton (D:9)
  5 hobgoblin zombies (D:9)
  3 kobolds
  12 orc zombies (D:9)
  4 rats (D:1)
  3 starspawn tentacles (Abyss:2)
666 creatures vanquished.

Vanquished Creatures (others)
  2 bushes
  36 fungi
  37 plants
  2 starspawn tentacles (Abyss:2)
77 creatures vanquished.

Grand Total: 743 creatures vanquished

Notes
Turn   | Place    | Note
-------+----------+-------------------------------------------
     0 | D:1      | gimp the Demigod Wanderer began the quest for the Orb.
     0 | D:1      | gimp set off with the following items: a +2 hand crossbow,
                  | 26 bolts, a +0 scale mail; and the following spell
                  | memorised: Sting; and the following spells available to
                  | memorise: Ignite Poison
     0 | D:1      | Reached XP level 1. HP: 14/14 MP: 5/5
   416 | D:1      | Reached skill level 1 in Fighting
   470 | D:1      | Reached XP level 2. HP: 23/23 MP: 7/7
   935 | D:2      | Reached XP level 3. HP: 29/29 MP: 8/8
   958 | D:2      | You fall into a shaft and drop 2 floors!
  1023 | D:4      | Found a staircase to the Ecumenical Temple.
  1395 | D:4      | Reached XP level 4. HP: 36/37 MP: 9/9
  1517 | D:3      | Identified the +0 ring mail "Unim" {Rampage}
  1665 | D:3      | Reached skill level 1 in Axes
  1779 | D:3      | Identified the +5 short sword of Sin {drain, rN+ Str-5
                  | Int+2}
  2475 | D:3      | Noticed Natasha
  2482 | D:3      | Killed Natasha
  2483 | D:3      | Reached XP level 5. HP: 32/44 MP: 7/10
  2579 | D:3      | Noticed Natasha
  2588 | D:3      | Killed Natasha
  2589 | D:3      | Reached skill level 2 in Axes
  3002 | D:3      | Noticed Natasha
  3012 | D:3      | Killed Natasha
  3392 | D:5      | Entered Level 5 of the Dungeon
  3417 | D:5      | Noticed Blork the orc
  3424 | D:5      | Killed Blork the orc
  3425 | D:5      | Found Roxag's Distillery.
  3498 | D:5      | Bought a potion of curing for 36 gold pieces
  3498 | D:5      | Bought a potion of heal wounds for 60 gold pieces
  3498 | D:5      | Bought a potion of haste for 120 gold pieces
  3498 | D:5      | Bought a potion of degeneration for 12 gold pieces
  3541 | D:5      | Found Eteoplan's Assorted Antiques.
  3542 | D:5      | Noticed a water moccasin
  3551 | D:5      | Killed a water moccasin
  3552 | D:5      | Reached skill level 3 in Axes
  3552 | D:5      | Reached XP level 6. HP: 47/51 MP: 11/11
  3640 | D:5      | Found Wasiluweim's Weapon Shoppe.
  3761 | D:5      | Reached skill level 4 in Axes
  3761 | D:5      | Reached XP level 7. HP: 9/58 MP: 5/12
  4145 | D:5      | Found Haafron's Weapon Emporium.
  4194 | D:5      | Noticed Prince Ribbit
  4438 | D:5      | Reached skill level 5 in Axes
  4801 | D:5      | Found the +7 Spriggan's Knife {stab, EV+4 Stlth+}
  5106 | D:4      | Reached skill level 1 in Shields
  5463 | D:5      | Bought a potion of berserk rage for 60 gold pieces
  5510 | D:5      | Reached XP level 8. HP: 38/67 MP: 7/13
  5515 | D:5      | Noticed Edmund
  5691 | D:5      | Reached skill level 6 in Axes
  6005 | D:6      | Reached skill level 5 in Fighting
  6115 | D:6      | Identified a scroll of acquirement
  6115 | D:6      | Acquired 502 gold pieces
  6608 | D:6      | Found Omuohyvimp's Jewellery Shop.
  7263 | D:7      | Reached skill level 7 in Axes
  7966 | D:7      | Reached XP level 9. HP: 28/74 MP: 14/14
  8079 | D:7      | Reached skill level 1 in Dodging
  8177 | D:7      | Noticed a gargoyle
  8183 | D:7      | Killed a gargoyle
  8184 | D:7      | Reached skill level 8 in Axes
  8439 | D:8      | Found a staircase to the Lair.
  8880 | D:8      | Noticed a komodo dragon
  8887 | D:8      | Killed a komodo dragon
  9094 | D:9      | Reached skill level 9 in Axes
  9139 | D:9      | Reached XP level 10. HP: 47/81 MP: 15/15
  9338 | D:9      | Reached skill level 5 in Evocations
  9542 | D:9      | Reached skill level 10 in Axes
  9625 | D:9      | Found a staircase to the Orcish Mines.
  9802 | D:8      | Reached skill level 5 in Dodging
 10062 | D:9      | Noticed Joseph
 10085 | D:9      | Killed Joseph
 10447 | D:10     | Entered Level 10 of the Dungeon
 10814 | D:10     | Reached skill level 11 in Axes
 10872 | D:10     | Noticed a deep elf pyromancer
 10873 | D:10     | Noticed a two-headed ogre
 10895 | D:10     | Killed a two-headed ogre
 10896 | D:10     | Reached XP level 11. HP: 57/86 MP: 17/17
 11325 | D:10     | Killed a deep elf pyromancer
 11833 | D:11     | Noticed a two-headed ogre
 11844 | D:11     | Killed a two-headed ogre
 12398 | D:12     | Noticed a two-headed ogre
 12469 | D:11     | Killed a two-headed ogre
 12470 | D:11     | Reached skill level 12 in Axes
 13970 | Orc:1    | Entered Level 1 of the Orcish Mines
 14159 | Orc:1    | Reached skill level 13 in Axes
 14184 | Orc:1    | Reached XP level 12. HP: 94/94 MP: 18/18
 14256 | Orc:1    | Noticed Erica
 14279 | Orc:1    | Killed Erica
 14582 | Orc:1    | Noticed an ettin
 14599 | Orc:1    | Killed an ettin
 14816 | Orc:2    | Entered Level 2 of the Orcish Mines
 14816 | Orc:2    | Noticed an orc warlord
 14816 | Orc:2    | Found Xeofry's Book Shop.
 14869 | Lair:1   | Entered Level 1 of the Lair of Beasts
 14933 | Lair:1   | Noticed a five-headed hydra
 16717 | Lair:2   | Found a hole to the Spider Nest.
 16837 | Lair:2   | Noticed a seven-headed hydra
 16902 | Lair:2   | Noticed Nergalle
 16927 | Lair:2   | Killed Nergalle
 16928 | Lair:2   | Reached skill level 14 in Axes
 16973 | Lair:2   | Found a staircase to the Shoals.
 17460 | Lair:3   | Noticed Fannar
 17511 | Lair:3   | Noticed an eight-headed hydra
 18043 | D:9      | Killed an orc warlord
 19228 | Orc:1    | Reached XP level 13. HP: 96/100 MP: 19/19
 19503 | Orc:2    | Found Pumes's Antique Armour Shoppe.
 19780 | Orc:2    | Noticed Josephine
 19833 | Orc:2    | Killed Josephine
 20043 | Orc:2    | Found a staircase to the Elven Halls.
 20066 | Orc:2    | Reached skill level 15 in Axes
 20146 | Orc:2    | Found Vifadug's General Store.
 20275 | Orc:1    | Noticed Urug
 20287 | Orc:1    | Killed Urug
 20288 | Orc:1    | Reached skill level 5 in Armour
 20288 | Orc:1    | Reached skill level 5 in Shields
 20330 | Orc:2    | Found Etuq's Antique Weapon Shoppe.
 20466 | Orc:2    | Bought a pair of runed gloves for 285 gold pieces
 20827 | D:13     | Found a gate to the Vaults.
 22733 | D:14     | Noticed Snorg
 24183 | Lair:3   | Noticed Rupert
 24271 | Lair:4   | Noticed a dire elephant
 24327 | Lair:4   | Reached skill level 16 in Axes
 24933 | Lair:4   | Killed a dire elephant
 24987 | Lair:4   | Reached XP level 14. HP: 105/107 MP: 1/20
 27392 | Lair:6   | Entered Level 6 of the Lair of Beasts
 28276 | Lair:6   | Reached skill level 17 in Axes
 28661 | Lair:6   | Found a large runed translucent door.
 28662 | Lair:6   | Found a large runed translucent door.
 28936 | Lair:6   | Found a staircase to the Slime Pits.
 29591 | D:13     | Killed Snorg
 30774 | D:15     | Entered Level 15 of the Dungeon
 31036 | D:15     | Found a staircase to the Depths.
 31327 | D:15     | Identified the amulet of Tatwaide {Faith -Tele rPois rN+
                  | Str+8}
 32356 | D:15     | Reached XP level 15. HP: 74/113 MP: 12/21
 32942 | Depths:1 | Entered Level 1 of the Depths
 33391 | Depths:1 | Cast into level 2 of the Abyss (a wizard)
 33465 | Abyss:2  | Reached skill level 18 in Axes
 33494 | Abyss:2  | Noticed a tentacled starspawn
 33504 | Abyss:2  | Killed a tentacled starspawn
 33583 | Abyss:2  | Gained mutation: You occasionally shout uncontrollably at
                  | your foes. [a neqoxec]
 33584 | Abyss:2  | Gained mutation: Potions are less effective at restoring
                  | your health. [a neqoxec]
 33612 | Abyss:2  | Gained mutation: You tend to lose your temper in combat. [a
                  | neqoxec]
 33614 | Abyss:2  | Gained mutation: Potions cannot restore your health. [a
                  | neqoxec]
 33832 | Abyss:2  | Killed from afar by a necromancer

Illustrated notes

Levels and vault maps discovered:
D:1:      dpeg_arrival_boxes_within_box, layout_basic,
          chequers_ecumenical_altar_simple_redux
D:2:      layout_loops_ring
D:3:      layout_loops_corners, mainiacjoe_overflow_alcove_1, uniq_natasha
D:4:      layout_basic, minmay_temple_entry_offerings
D:5:      layout_basic, serial_shops, nicolae_shop_overgrown_old_shop,
          nicolae_shop_advertising_works [nicolae_subvault_shop_adworks],
          nicolae_shop_window_shopping, nicolae_shop_bloodbath_and_beyond,
          kennysheep_mini_moat, kb_lookout_dungeons_type,
          minmay_misc_feat_encased, minmay_chambers_of_fives,
          uniq_blork_the_orc, uniq_edmund, uniq_menkaure, uniq_prince_ribbit1
D:6:      layout_gridville, serial_shops, shop
D:7:      layout_loops_corners
D:8:      layout_gridville, lair_entry_dummy
D:9:      layout_rooms, zombieorc1_lemuel, uniq_joseph
D:10:     layout_roguey [special_room_orc], minmay_starry_boxes
D:11:     layout_loops_ring
D:12:     layout_basic
D:13:     layout_roguey, lightli_vaults_fourway_checkpoint
D:14:     layout_basic, minmay_misc_feat_doors, uniq_snorg
D:15:     grunt_enter_depths_snipers, layout_loops_corners,
          nicolae_ru_sacrificial_ziggurat,
          hangedman_abyss_or_decor_jellyfish_corner, minmay_hedge_maze,
          ashenzari_conservatory_becter
Lair:1:   layout_layer_cave, special_room [special_room_bee], st_stairs_10,
          lemuel_centaur_altar
Lair:2:   layout_cave_pods, elwin_shoals_entry_rocks, spider_nest_entry_a,
          uniq_nergalle
Lair:3:   layout_misc_corridors, nicolae_quartered_pool_medium, uniq_rupert,
          uniq_fannar
Lair:4:   beast_lair_carwin_large_4, layout_regular_city
Lair:5:   layout_long_grid
Lair:6:   cheibrodos_lair_end_hotspot, layout_regular_city,
          dpeg_slime_entry_enclosed_altar
Orc:1:    layout_diamond_mine, uniq_erica, uniq_urug
Orc:2:    grunt_orc_gardens, layout_diamond_mine, grunt_orc_garden,
          grunt_orc_garden, grunt_orc_garden, grunt_orc_garden, uniq_josephine
Depths:1: layout_cave_shapes, pf_hell_entry_great_geh, serial_shops,
          nicolae_diamond_shop, grunt_gozag_statues, solitary_fountain,
          fiery_altar_vehumet
Abyss:2:  base: Vaults:4, evilmike_abyss_exit_13, evilmike_abyss_exit_13,
          hangedman_abyss_theft, hangedman_abyss_theft, bh_abyss_exit_spiral

Skill      XL: |  1  2  3  4  5  6  7  8  9 10 11 12 13 14 15 |
---------------+----------------------------------------------+-----
Poison Magic   | 2 |  2.6
Fighting       | 1 2 3 4 5 |  5.4
Armour         | 2 3 4 6 8 9 |  9.2
Axes           | 1 3 4 5 7 9 11 13 14 16 17 18 | 18.0
Shields        | 1 3 4 6 8 9 |  9.5
Evocations     | 2 4 6 8 9 |  9.4
Dodging        | 3 5 7 9 |  9.0
Crossbows      | |  2.6
Spellcasting   | |  1.7

Action                   |  1- 3 |  4- 6 |  7- 9 | 10-12 | 13-15 || total
-------------------------+-------+-------+-------+-------+-------++-------
Melee: Hand axe          |       |    56 |   417 |  1481 |   651 ||  2605
       War axe           |       |     1 |       |       |       ||     1
       Broad axe         |       |       |       |       |   730 ||   730
       Scimitar          |       |       |       |       |    48 ||    48
 Fire: Hand crossbow     |    83 |    92 |    13 |    35 |       ||   223
Throw: Throwing net      |       |       |       |     1 |       ||     1
       Dart              |       |       |       |     4 |     2 ||     6
Evoke: Wand              |       |       |       |    11 |    12 ||    23
       Phial of floods   |       |       |       |       |     1 ||     1
       Phantom mirror    |       |       |       |       |     1 ||     1
  Use: Scroll            |       |     2 |    13 |     6 |     9 ||    30
       Potion            |       |       |     1 |       |     4 ||     5
 Stab: Paralysed         |       |       |       |    18 |    13 ||    31
Armor: Scale mail        |    16 |    64 |   143 |       |       ||   223
       Chain mail        |       |       |    48 |     5 |       ||    53
       Acid dragon scale |       |       |       |   365 |       ||   365
       Plate armour      |       |       |       |   105 |   734 ||   839
Dodge: Dodged            |    14 |    49 |   201 |   731 |   577 ||  1572
Block: Buckler           |       |       |    54 |   140 |       ||   194
       Kite shield       |       |       |       |   497 |   846 ||  1343

Table legend: (Time is in decaauts)
 A = Elapsed time spent in this place.
 B = Non-inter-level travel time spent in this place.
 C = Inter-level travel time spent in this place.
 D = Time resting spent in this place.
 E = Time spent auto-exploring this place.
 F = Levels seen in this place.
 G = Mean time per level.
                   A        B        C        D        E       F      G
               +--------+--------+--------+--------+--------+-----+--------+
         Total |  33633 |  31635 |   1998 |   2674 |  20634 |  25 | 1345.3 |
       Dungeon |  20789 |  19551 |   1238 |   2030 |  12997 |  15 | 1385.9 |
          Lair |   8850 |   8315 |    535 |    312 |   6281 |   6 | 1475.0 |
  Orcish Mines |   3243 |   3034 |    209 |    237 |   1180 |   2 | 1621.5 |
        Depths |    319 |    304 |     15 |      0 |    149 |   1 |  319.0 |
         Abyss |    430 |    430 |      0 |     95 |     26 |   1 |  430.0 |
               +--------+--------+--------+--------+--------+-----+--------+

Top non-repeatable levels by time:
    D:15: 2275 daAuts
     D:5: 2060 daAuts
   Orc:1: 2048 daAuts
  Lair:6: 1973 daAuts
    D:12: 1935 daAuts
  Lair:4: 1932 daAuts
     D:9: 1916 daAuts
    D:13: 1851 daAuts
  Lair:1: 1720 daAuts
  Lair:2: 1560 daAuts
    D:14: 1374 daAuts
     D:6: 1364 daAuts
     D:4: 1260 daAuts
  Lair:5: 1216 daAuts
   Orc:2: 1195 daAuts
